Cogmind - Beta 13 @@@ ROGUE MODE // 2024.04.21 @ 15:14:24 Player: Gabe+Kate4EVR Result: Destroyed by FZ-D9M(R) with Subdweller Shrapnel Launcher Performance ------------- Evolutions (0) 0 Regions Visited (2) 400 Robots Destroyed (17) 85 Value Destroyed (432) 432 Prototype IDs (0) 0 Alien Tech Used (0) 0 Bonus (0) 0 TOTAL SCORE: 917 Bonus ------- None Cogmind --------- Core Integrity 0/250 Matter 177/300 Energy 200/200 System Corruption 0% Temperature Cool (0) Movement Rolling (130) Ox2 Location -10/Subcaves Parts ------- > --- POWER (1) -------- Subdweller Power Source > --- PROPULSION (2) --- Aluminum Leg Subdweller Monowheel > --- UTILITY (2) ------ High-capacity Storage Unit Signal Interpreter > --- WEAPON (2) ------- Medium Laser > --- INVENTORY (20) --- Ion Engine Light Ion Engine Light Ion Engine Aluminum Leg Aluminum Leg Aluminum Leg Aluminum Leg Aluminum Leg Improved Heat Sink Small Storage Unit Structural Scanner ECM Suite Small Laser Small Laser Small Laser Beam Cannon Assault Rifle Peak State ------------ > --- POWER ------------ Subdweller Power Source > --- PROPULSION ------- Aluminum Leg Subdweller Monowheel > --- UTILITY ---------- High-capacity Storage Unit Signal Interpreter > --- WEAPON ----------- Medium Laser Assault Rifle > --- INVENTORY -------- Ion Engine Light Ion Engine Light Ion Engine Aluminum Leg Aluminum Leg Aluminum Leg Aluminum Leg Aluminum Leg Improved Heat Sink Small Storage Unit Structural Scanner ECM Suite Small Laser Small Laser Small Laser Beam Cannon Assault Rifle [Rating: 10] Favorites ----------- Power Ion Engine Engine Ion Engine Propulsion Aluminum Leg Leg Aluminum Leg Wheel Subdweller Monowheel Utility High-capacity Storage Unit Device ECM Suite Storage High-capacity Storage Unit Processor Signal Interpreter Weapon Assault Rifle Energy Gun Medium Laser Ballistic Gun Assault Rifle Ballistic Cannon Light Cannon Build | -11 -10 -10 ------- Run | Yrd Mat Sub Slots Evolved . | . . . Power . | . . . Propulsion . | . . . Utility . | . . . Weapon . | . . . Parts Attached 26 | 6 17 3 Power 6 | 1 4 1 Engine 6 | 1 4 1 Core . | . . . Reactor . | . . . Propulsion 8 | 2 5 1 Treads . | . . . Leg 7 | 2 5 . Wheel 1 | . . 1 Hover . | . . . Flight . | . . . Utility 5 | 1 4 . Device 2 | . 2 . Storage 2 | 1 1 . Processor 1 | . 1 . Hackware . | . . . Protection . | . . . Artifact . | . . . Weapon 7 | 2 4 1 Energy Gun 1 | . 1 . Energy Cannon . | . . . Ballistic Gun 5 | 2 2 1 Ballistic Cannon 1 | . 1 . Launcher . | . . . Special Weapon . | . . . Impact Weapon . | . . . Slashing Weapon . | . . . Piercing Weapon . | . . . Special Melee Weapon . | . . . Unidentified Prototypes . | . . . Parts Lost 6 | . 2 4 Power 2 | . 1 1 Propulsion 1 | . . 1 Utility . | . . . Weapon 3 | . 1 2 Highest Loss Streak 3 | . 1 3 To Critical Strikes . | . . . Average Slot Usage (%) 96 | . 97 91 Engine 12 | . 12 9 Leg 27 | . 27 20 Device 7 | . 8 . Storage 14 | . 14 14 Processor 5 | . 4 14 Energy Gun 5 | . 4 14 Ballistic Gun 10 | . 11 6 Ballistic Cannon 12 | . 12 7 Naked Turns . | . . . Heaviest Build 52 | 14 52 50 Greatest Support 20 | 20 20 20 Greatest Overweight (x) 4 | 4 2 4 Average Overweight (x) 1 | . 1 2 Largest Inventory Capacity 20 | 8 20 20 Average Capacity 17 | 7 18 20 Most Carried 18 | 1 18 18 Average Carried 12 | . 12 17 Final Capacity 20 | 8 20 20 Final Carried 18 | 1 18 17 Class Distribution -------------------- 100% | Mutant Dominant Class ---------------- Mutant | -10/Materials Mutant | -10/Subcaves Resources | -11 -10 -10 ----------- Run | Yrd Mat Sub Matter Collected 648 | 197 381 70 Remotely . | . . . Salvage Created 468 | . 410 58 Parts 34 | . 32 2 Haulers Intercepted . | . . . Recyclers Shooed . | . . . Parts Field Recycled . | . . . Retrieved Matter . | . . . Parts Self-Destructed . | . . . Prevented . | . . . Kills | -11 -10 -10 ------- Run | Yrd Mat Sub Combat Hostiles Destroyed 13 | . 11 2 Guns 6 | . 5 1 Cannons 7 | . 6 1 Classes Destroyed 6 | . 5 1 Worker 2 | . 2 . Recycler 1 | . 1 . Watcher 1 | . 1 . Swarmer 3 | . 3 . Grunt 8 | . 8 . Subdweller 2 | . . 2 Best Kill Streak 7 | . 7 2 Combat Bots Only 5 | . 5 2 Max Kills in Single Turn 1 | . 1 1 Gunslinging . | . . . Exploded . | . . . Melee . | . . . Uniques/NPCs Destroyed . | . . . Combat | -11 -10 -10 -------- Run | Yrd Mat Sub Hostile Shots Fired 95 | . 71 24 Missed 32 | . 26 6 Damage Taken 1179 | . 714 465 Core 259 | . 201 58 Absorbed by Shields . | . . . Core Remaining (%) 100 | 100 . . Volleys Fired 62 | . 49 13 Largest 2 | . 2 2 Hottest 85 | . 85 85 Shots Fired 122 | . 98 24 Gun 78 | . 62 16 Cannon 44 | . 36 8 Launcher . | . . . Special . | . . . Kinetic 99 | . 88 11 Thermal 23 | . 10 13 Explosive . | . . . Electromagnetic . | . . . Robot Hit Streak 7 | . 7 7 Robot Miss Streak 8 | . 8 2 Penetration Max . | . . . Secondary Targets . | . . . Shots Hit Robots 67 | . 50 17 Core Hits 27 | . 23 4 Critical Kills . | . . . Critical Parts Destroyed . | . . . Critical Strikes 3 | . 2 1 Burn 1 | . 1 . Blast 2 | . 1 1 Melee Attacks . | . . . Impact . | . . . Slashing . | . . . Piercing . | . . . Sneak Attacks . | . . . Combat Hostiles . | . . . Follow-up Attacks . | . . . Damage Inflicted 1053 | . 793 260 Guns 529 | . 390 139 Cannons 524 | . 403 121 Explosions . | . . . Melee . | . . . Ramming . | . . . Kinetic 866 | . 719 147 Thermal 187 | . 74 113 Explosive . | . . . Electromagnetic . | . . . Impact . | . . . Slashing . | . . . Piercing . | . . . Highest Corruption . | . . . Average Corruption . | . . . Corruption Purged . | . . . Corruption Blocked . | . . . Overload Shots . | . . . Overflow Damage . | . . . Projectiles . | . . . Explosions . | . . . Melee . | . . . Knockbacks 7 | . 7 . Impact . | . . . Kinetic 7 | . 7 . Secondary . | . . . Self-Inflicted Damage . | . . . Shots . | . . . Rammed . | . . . Targets Rammed . | . . . Kicked . | . . . Crushed . | . . . Highest Temperature 264 | . 264 . Average Temperature 76 | . 76 . Received Heat Transfer 354 | . 264 90 Siege Activations . | . . . Robots Corrupted . | . . . Combat Hostiles . | . . . Parts Fried . | . . . Impact Corruptions . | . . . Robots Melted . | . . . Combat Hostiles . | . . . Parts Melted . | . . . Heat Transferred 629 | . 296 333 Parts Sabotaged . | . . . Parts Stolen . | . . . Parts Stripped . | . . . Power Chain Reactions . | . . . Alert | -11 -10 -10 ------- Run | Yrd Mat Sub Peak Influence 191 | . 191 . Initial . | . . . Average 57 | . 61 . Maximum Alert Level . | . . . Low Security (%) 100 | 100 100 . Level 1 . | . . . Level 2 . | . . . Level 3 . | . . . Level 4 . | . . . Level 5 . | . . . High Security . | . . . Max Security . | . . . Squads Dispatched 1 | . 1 . Investigation 1 | . 1 . Extermination . | . . . Reinforcement . | . . . Assault . | . . . Garrison . | . . . Intercept . | . . . Searches Triggered . | . . . Construction Impeded . | . . . Haulers Reinforced . | . . . Active Scanning Responses . | . . . Cargo Convoy Interrupts . | . . . Stealth | -11 -10 -10 --------- Run | Yrd Mat Sub Distress Signals 2 | . 2 . Communications Jammed . | . . . Distress Signals . | . . . Times Spotted 26 | . 23 3 Peak Tracking Total 4 | . 4 2 Tactical Retreats 1 | . 1 . Traps | -11 -10 -10 ------- Run | Yrd Mat Sub Traps Triggered 4 | . 4 . Indirectly . | . . . Trap Hack Attempts . | . . . Triggered . | . . . Disarmed . | . . . Reprogrammed . | . . . Reused . | . . . Traps Extracted . | . . . Installed . | . . . Triggered . | . . . Machines | -11 -10 -10 ---------- Run | Yrd Mat Sub Machines Disabled . | . . . Max in Single Turn . | . . . Machines Repaired . | . . . Machines Dismantled . | . . . Machines Sabotaged . | . . . Overloaded Fab Kills . | . . . Hacking | -11 -10 -10 --------- Run | Yrd Mat Sub Machines Accessed . | . . . Terminals . | . . . Fabricators . | . . . Repair Stations . | . . . Recycling Units . | . . . Scanalyzers . | . . . Garrison Access . | . . . Total Hacks . | . . . Successful . | . . . Failed . | . . . Catastrophic . | . . . Database Lockouts . | . . . Manual . | . . . Terminals . | . . . Fabricators . | . . . Repair Stations . | . . . Recycling Units . | . . . Scanalyzers . | . . . Garrison Access . | . . . Terminal Hacks . | . . . Fabricator Hacks . | . . . Repair Station Hacks . | . . . Recycling Unit Hacks . | . . . Scanalyzer . | . . . Garrison Access Hacks . | . . . Unauthorized Hacks . | . . . Terminals . | . . . Fabricators . | . . . Repair Stations . | . . . Recycling Units . | . . . Scanalyzers . | . . . Garrison Access . | . . . Data Cores Recovered . | . . . Used . | . . . Hacking Detections . | . . . Full Trace Events . | . . . Feedback Events . | . . . Feedback Blocked . | . . . Robot Schematics Acquired . | . . . Robots Built . | . . . Authchips . | . . . Time . | . . . Total Robot Build Rating . | . . . Part Schematics Acquired . | . . . Parts Built . | . . . Authchips . | . . . Time . | . . . Total Part Build Rating . | . . . Parts Repaired . | . . . Time . | . . . Parts Recycled . | . . . Recycled Matter . | . . . Retrieved Matter . | . . . Retrieved Components . | . . . Parts Scanalyzed . | . . . Part Schematics Acquired . | . . . Parts Damaged . | . . . Bothacking | -11 -10 -10 ------------ Run | Yrd Mat Sub Used RIF Installer . | . . . Robots Hacked . | . . . Non-combat . | . . . Combat . | . . . Robot Hacks Applied . | . . . Relay Couplers Released . | . . . Fabnet Peak Effective % . | . . . Robots Rewired . | . . . Allies Hacked . | . . . Hacks Repelled . | . . . Allies | -11 -10 -10 -------- Run | Yrd Mat Sub Total Allies . | . . . Largest Group . | . . . Highest-Rated Group . | . . . Highest-Rated Ally . | . . . Total Orders . | . . . Ally Attacks . | . . . Total Damage . | . . . Kills . | . . . Allies Corrupted . | . . . Allies Melted . | . . . Intel | -11 -10 -10 ------- Run | Yrd Mat Sub Robot Analysis Total . | . . . Derelict Logs Recovered 1 | . . 1 Drone Launches . | . . . Drone Recoveries . | . . . Exploration | -11 -10 -10 ------------- Run | Yrd Mat Sub Turns Passed 1961 | 111 1667 183 Spaces Moved 768 | 69 633 66 Core 21 | 21 . . Treads . | . . . Legs 716 | 48 633 35 Wheels 31 | . . 31 Hover . | . . . Flight . | . . . Fastest Speed 50 | 50 120 130 Average Speed 219 | 138 228 215 Slowest Speed 400 | 250 260 400 Overloaded Moves . | . . . Propulsion Burnouts . | . . . Robots Hopped . | . . . Cave-ins Triggered . | . . . Exploration Rate (%) 31 | 6 81 7 Regions Visited 2 Branch Regions 1 Pre-discovered Areas . | . . . Known Exits Taken 1 | . 1 . Unknown Exits Taken 1 | 1 . . Scrap Searched . | . . . Spaces Dug . | . . . Terrain Destroyed . | . . . Melee . | . . . Projectile . | . . . AOE . | . . . Terrain Rammed . | . . . Walls Destroyed . | . . . Machines Disabled . | . . . Actions | -11 -10 -10 --------- Run | Yrd Mat Sub Total 912 | 81 749 82 Wait 46 | 6 40 . Move 766 | 68 632 66 Hop . | . . . Pick Up 9 | 1 8 . Fast Attach 17 | 6 9 2 Attach 2 | . 1 1 Detach 3 | . 3 . Swap 7 | . 7 . Drop . | . . . Fire 62 | . 49 13 Melee . | . . . Ram . | . . . Kick . | . . . Crush . | . . . Escape Stasis . | . . . Rewire . | . . . Trap . | . . . Miscellaneous . | . . . Route ------- -11/Scrapyard -10/Materials (discovered 5 exits: *Mat x3 / *Min / *Sub) -10/Subcaves History --------- Turn | Location | Event 23 | -11/Scrapyard | Discovered new exit (range 15) 112 | -11/Scrapyard | Entered Materials 178 | -10/Materials | Discovered new exit (range 11) 337 | -10/Materials | Build established: Mutant 655 | -10/Materials | Discovered new exit (range 15) 1091 | -10/Materials | Discovered new exit (range 15) 1298 | -10/Materials | Core integrity fell below 50% 1359 | -10/Materials | Discovered new exit (range 8) 1375 | -10/Materials | Identified exit to Mines 1525 | -10/Materials | Identified exit to Materials 1674 | -10/Materials | Discovered new exit (range 8) 1695 | -10/Materials | Identified exit to Subcaves 1745 | -10/Materials | Core integrity fell below 20% 1779 | -10/Materials | Entered Subcaves 1813 | -10/Subcaves | Learned Materials machine intel 1906 | -10/Subcaves | Lost 3 parts (1p1n1w) 1962 | -10/Subcaves | Destroyed by FZ-D9M(R) with Subdweller Shrapnel Launcher Last Messages --------------- 01866_ Aluminum Leg destroyed. 01868_ CC-VVP(R) Sub. Monowheel blasted off. 01871_ Subatomizers dissect the Sub. Monowheel. 01871_ CC-VVP(R) destroyed. 01871_ Lgt. Cannon destroyed. 01875_ Ion Engine destroyed. 01883_ YK-7FJ(R) destroyed. 01895_ Subatomizers dissect the Sub. Monowheel. 01910_ Acquired 3 matter. 01918_ Acquired Sub. Monowheel. 01920_ Subatomizers dissect the Disposable Heat Sink. 01924_ Acquired 5 matter. 01926_ Acquired 1 matter. 01928_ Acquired 50 matter. 01931_ Acquired 8 matter. 01933_ Acquired 3 matter. 01935_ Subatomizers dissect the Disposable Heat Sink. 01939_ Acquired Sub. Power Source. 01950_ Subatomizers dissect the Disposable Heat Sink. 01960_ Assault Rifle destroyed. Map ----- +----------------------------------------------------+ | ?????????????????????????????????????????????????? | | ?????????????????????????????????????????????????? | | ?????????????????????????????????????????????????? | | ?????????????????????????????????????????????????? | | ?????????????????????????????????????????????????? | | ?????????????????????????????????????????????????? | | ?????????????????????????????????????????????????? | | ?????????????????????????????????????????????????? | | ?????????????????????????????????????????????????? | | ?????????????????????????????????????????????????? | | ?????????????????????????????????????????????????? | | ?????????????????????????????????????????????????? | | ?????????????????????????????????????????????????? | | ?????????????????????????????????????????????????? | | ?????????????????????????????????????????????????? | | ??????????????????????????????????? ????????????? | | ?????????????????????########????? ??????????? | | ?????????????????##### ##??#" ??????????? | | ????????????????## ###" " ??????????? | | ????????????????# ??????????? | | ????????????????# ????????????? | | ??????????? ## #?????????????? | | ??????????? #??????????????? | | ?????????? #??????????????? | | ?????????????? R ##??#??????????? | | ?????????????????????#; @ ## #? ##?????????? | | ?????????????????????#; # #?????????? | | ?????????????????????#; #?????????? | | ?????????????????????#; #?????????? | | ?????????????????????# ### #?????????? | | ?????????????????????# ; ;# ##???????????????? | | ?????????????????????## ## ##????????????????? | | ??????????????????????### ## ##????????????????? | | ????????????????????????##### #????????????????? | | ???????????????????????????# ###??????????????? | | ???????????????????????????# #??????????????? | | ???????????????????????????# ##??????????????? | | ???????????????????????????####! ###?????????????? | | ??????????????????????????????#&& #?????????????? | | ??????????????????????????????## & #?????????????? | | ??????????????????????#????????# #?????????????? | | ??????????????????????# ???????# #?????????????? | | ??????????????????????# ?????## #?????????????? | | ??????????????????????# ???## #?????????????? | | ??????????????????????# #?## #?????????????? | | ??????????????????????# ## #?????????????? | | ??????????????????????# #?????????????? | | ????????????????????### #??###??####??? | | ????????????????????# ##?# #### #??? | | ????????????????????## ### #??? | +----------------------------------------------------+ Best States ------------- Heat Dissipation 39 Energy Generation 15 Energy Capacity 250 Matter Stores 237 Matter Capacity 300 Sight Range 16 Terrain Scan Density 10 ECM Strength 1 Evasion (%) 55 Item Schematics ----------------- None Robot Schematics ------------------ None Fabricated ------------ Nothing Alien Tech Used ----------------- None Achievements -------------- None Challenges ------------ None Game ------ Seed WardroneAlertLattice Manual? 0 Play Time 00:11:13 Cumulative 110.0 hours Start 2024.04.21 @ 12:39:49 End 2024.04.21 @ 15:14:24 Sessions 1 Manual Loads 0 Difficulty Rogue Special Mode None Game No. 226 Rogue 226 Adventurer 0 Explorer 0 Win Type - Total 0 Types 0/0/0/0/0/0/0/0/0 Lore% 32 Gallery% 51 Achievement% 35 Wizard Run 0 Options --------- Layout 0 ASCII 0 Keyboard 1 Movement Numpad Keybinds 0 Fullscreen 2 Font 18/X11 Map View 76x50 Zoom Use 0% Tactical HUD 1 Map Filters NONE Filters NONE Steam 1 RUN: 272325a4-941a-4cb5-86e7-d3abf4968373